Map: Acropolis LE

Players

LiquidSnute (Snute)

  • Race: Zerg Zerg
  • League: Grandmaster
  • Spawn Location: 11:00

Harstem - Winner!

  • Race: Protoss Protoss
  • League: Grandmaster
  • Spawn Location: 5:00

Event: HomeStory Cup XIX

VOD

Have the link to the VOD?

Description

Time

  • Played on: June 27, 2019, 6:45 a.m.
  • Length: 27:52

All games in this series

Show
View Real Time Build Order
Export as new Build Order

LiquidSnute Zerg 

Build Orders: Pool First, Roach Nydus 

Get SALT Encoding   

  12  0:00  Drone  
  13  0:12  Overlord  
  13  0:16  Drone  
  14  0:30  Drone x2  
  14  0:34  Drone  
  17  0:40  Extractor  
  16  0:45  Drone  
  17  0:52  Spawning Pool  
  17  0:56  Drone  
  17  1:07  Drone  
  18  1:20  Hatchery  
  18  1:23  Drone  
  18  1:38  Queen  
  18  1:39  Metabolic Boost  
  20  1:43  Zergling x2  
  21  1:50  Overlord  
  21  1:54  Zergling x2  
  22  2:09  Drone  
  22  2:11  Drone  
  24  2:21  Drone  
  25  2:30  Hatchery  
  25  2:33  Drone x2  
  26  2:44  Drone x2  
  26  2:46  Drone x3  
  31  2:53  Overlord  
  31  2:58  Drone, Queen  
  32  3:03  Overlord  
  34  3:09  Drone  
  35  3:15  Drone  
  35  3:18  Drone x4  
  40  3:26  Lair  
  40  3:28  Drone  
  40  3:32  Drone  
  42  3:34  Queen  
  42  3:38  Drone  
  42  3:40  Drone  
  42  3:41  Extractor  
  45  3:43  Drone  
  45  3:44  Roach Warren  
  45  3:48  Drone  
  45  3:50  Drone  
  45  3:52  Drone  
  48  3:57  Queen  
  48  3:58  Extractor  
  48  3:59  Drone  
  48  4:00  Drone  
  51  4:06  Drone x2  
  51  4:07  Overlord x2  
  53  4:12  Overlord  
  53  4:15  Spore Crawler  
  52  4:25  Roach x3  
  52  4:26  Overseer, Roach x2  
  52  4:29  Roach  
  64  4:33  Roach  
  64  4:34  Roach  
  67  4:40  Spore Crawler  
  67  4:41  Roach  
  67  4:42  Spore Crawler  
  67  4:57  Nydus Network  
  67  4:58  Queen x2  
  70  5:01  Roach x2  
  74  5:08  Roach x2  
  74  5:11  Roach x2  
  82  5:16  Overlord  
  82  5:23  Overlord  
  82  5:25  Overlord  
  82  5:34  Overseer, Nydus Canal  
  82  5:35  Roach x4  
  90  5:45  Roach x3  
  90  5:46  Roach  
  98  5:50  Roach  
  98  5:52  Roach  
  102  6:03  Roach x2  
  106  6:08  Roach  
  104  6:16  Roach x2  
  104  6:18  Roach x3  
  102  6:23  Queen, Roach x2  
  102  6:28  Roach  
  98  6:33  Roach  
  98  6:34  Roach  
  98  6:36  Roach  
  98  6:38  Queen  
  98  6:41  Roach  
  98  6:42  Roach  
  98  6:46  Roach  
  94  6:49  Zergling x6  
  94  6:53  Roach  
  89  6:55  Roach  
  89  6:58  Nydus Canal  
  81  7:03  Roach  
  81  7:04  Roach  
  81  7:07  Roach  
  81  7:10  Roach  
  81  7:14  Overseer  
  80  7:19  Roach  
  80  7:22  Roach  
  84  7:24  Roach  
  84  7:28  Roach  
  83  7:31  Zergling x8  
  83  7:34  Nydus Canal  
  83  7:36  Drone x2  
  80  7:37  Drone  
  80  7:38  Drone x2  
  77  7:50  Drone x2  
  77  7:51  Drone  
  72  7:54  Drone  
  72  7:55  Nydus Canal  
  72  7:57  Drone  
  70  7:59  Drone  
  70  8:04  Drone  
  72  8:11  Drone x4, Extractor, Spire  
  74  8:14  Drone  
  74  8:19  Glial Reconstitution  
  75  8:21  Drone x2, Queen  
  75  8:22  Queen  
  81  8:29  Drone  
  81  8:30  Drone x2  
  81  8:31  Queen  
  81  8:32  Extractor  
  85  8:42  Roach x3  
  87  8:52  Overseer  
  86  8:57  Queen x2  
  90  9:06  Queen  
  92  9:10  Extractor  
  91  9:19  Hatchery  
  91  9:23  Mutalisk x6  
  102  9:26  Evolution Chamber  
  102  9:30  Zergling x8  
  102  9:31  Overlord  
  105  9:46  Baneling Nest  
  105  9:47  Evolution Chamber  
  105  9:51  Roach x5  
  105  9:52  Zerg Melee Weapons Level 1  
  113  9:58  Overlord x3  
  113  10:06  Overlord  
  113  10:07  Overlord x2  
  114  10:17  Nydus Canal  
  108  10:36  Centrifical Hooks  
  108  10:38  Hydralisk Den  
  101  10:44  Drone x6  
  107  10:54  Drone x9  
  107  10:56  Drone x4  
  107  10:57  Drone x2  
  122  11:00  Zergling x12, Hatchery  
  127  11:09  Hydralisk x3  
  127  11:10  Hydralisk, Grooved Spines  
  135  11:14  Overlord  
  135  11:19  Spore Crawler  
  135  11:24  Hydralisk x3  
  138  11:46  Hydralisk x7, Hatchery  
  151  11:49  Zerg Melee Weapons Level 2  
  151  12:01  Hydralisk x5  
  160  12:13  Hydralisk x4  
  160  12:14  Hydralisk x2  
  172  12:20  Spine Crawler  
  172  12:21  Drone x2  
  172  12:22  Overlord  
  168  12:37  Spore Crawler  
  168  12:40  Hydralisk x7  
  168  12:42  Overlord  
  180  12:50  Overlord  
  180  12:56  Baneling x13  
  180  12:58  Ravager  
  181  12:59  Ravager x2  
  181  13:00  Ravager x7  
  181  13:04  Ravager  
  191  13:10  Muscular Augments  
  191  13:11  Zergling x16  
  197  13:22  Zergling x12  
  197  13:23  Zergling x2  
  185  13:34  Zergling x34  
  185  13:38  Zergling x8  
  185  13:44  Roach x2  
  185  13:47  Zergling x6  
  185  13:48  Zergling x2  
  174  13:53  Hydralisk x2  
  143  13:57  Zergling x4  
  143  14:01  Zergling x6  
  115  14:10  Drone x7  
  115  14:11  Drone  
  115  14:15  Drone x3  
  120  14:23  Drone x3  
  123  14:29  Hydralisk x3  
  126  14:43  Hydralisk x7  
  138  14:50  Overseer x2  
  138  14:52  Hydralisk x3  
  133  15:12  Hydralisk x8  
  149  15:16  Zergling x8  
  148  15:23  Drone x4  
  143  15:29  Hydralisk x2  
  143  15:31  Drone x2  
  148  15:42  Drone x6  
  153  15:43  Drone x4  
  157  15:50  Infestation Pit, Drone x3  
  157  15:53  Baneling x6  
  157  15:54  Baneling  
  159  16:05  Zerg Missile Weapons Level 1  
  159  16:08  Hydralisk x5  
  169  16:15  Hydralisk x3  
  171  16:20  Pneumatized Carapace  
  171  16:30  Drone x3  
  171  16:31  Extractor  
  173  16:34  Hive  
  173  16:37  Spine Crawler  
  172  16:41  Spine Crawler  
  172  16:43  Zergling x32  
  172  16:45  Extractor  
  186  16:51  Baneling x11  
  183  16:59  Zergling x12  
  183  17:00  Zergling x8  
  186  17:02  Baneling x6  
  186  17:05  Zergling x6  
  186  17:06  Zergling x2  
  186  17:11  Zergling x10  
  186  17:13  Baneling x3  
  187  17:21  Drone x6  
  183  17:24  Drone x2  
  183  17:25  Drone  
  179  17:30  Zergling x8  
  180  17:49  Zergling x22  
  180  17:50  Zergling x4  
  188  18:04  Baneling x9  
  188  18:05  Baneling x25  
  188  18:06  Baneling  
  188  18:16  Extractor  
  188  18:17  Zergling x22  
  180  18:25  Zergling x8  
  153  18:33  Zergling x10  
  150  18:37  Zergling x6  
  153  18:43  Baneling x2  
  153  18:44  Baneling x6  
  153  18:49  Hydralisk x3  
  159  19:06  Hydralisk x4  
  165  19:22  Zergling x8  
  165  19:23  Zergling x34  
  186  19:45  Zergling x26  
  188  19:56  Hydralisk x5  
  188  19:58  Overlord x2  
  175  20:18  Zergling x38  
  184  20:30  Hydralisk x5  
  189  20:40  Zergling x12  
  189  20:41  Zergling x2  
  196  20:51  Zergling x6  
  199  20:57  Baneling x8  
  199  21:05  Baneling x2  
  199  21:08  Spore Crawler  
  199  21:09  Spore Crawler  
  197  21:18  Hydralisk  
  197  21:33  Overseer x3  
  197  21:34  Drone x2  
  197  21:38  Hatchery  
  197  21:39  Extractor  
  197  21:48  Zergling x6  
  198  21:58  Greater Spire  
  198  22:00  Zergling x4  
  199  22:08  Extractor  
  198  22:13  Zergling x4  
  198  22:15  Spore Crawler  
  185  22:40  Zergling x12  
  185  22:41  Zergling x20  
  199  22:44  Spine Crawler  
  199  22:45  Spine Crawler  
  191  22:59  Zergling x16  
  191  23:23  Extractor  
  186  23:48  Hydralisk x9  
  145  23:50  Corruptor x7  
  173  24:00  Extractor  
  172  24:06  Zergling x4  
  172  24:07  Zergling x10  
  170  24:27  Brood Lord x2  
  174  24:32  Brood Lord  
  176  24:43  Brood Lord  
  177  24:48  Spine Crawler  
  177  24:49  Spine Crawler  
  177  24:51  Nydus Canal  
  175  24:54  Brood Lord  
  177  25:03  Brood Lord  
  178  25:11  Hatchery  
  178  25:12  Brood Lord, Spine Crawler  
  178  25:13  Spine Crawler  
  177  25:18  Hydralisk x2  
  181  25:24  Zergling x32  
  179  25:51  Hydralisk x10  
  187  26:02  Zergling x8  
  187  26:03  Zergling x2  
  180  26:14  Zergling x6  
  185  26:25  Drone x3  
  185  26:43  Baneling x11  
  163  27:01  Hydralisk x3  
  163  27:05  Zergling x2  
  163  27:07  Zergling x2  
  155  27:19  Overseer x3  
Show
View Real Time Build Order
Export as new Build Order

Harstem Protoss - Winner!

Build Orders: 1 Gate Expand, Zealot Archon, Archon Drop, Dark Templar Rush 

Get SALT Encoding   

  12  0:00  Probe  
  13  0:12  Probe  
  14  0:18  Pylon  
  14  0:24  Probe  
  15  0:32  Assimilator  
  15  0:33  Probe  
  15  0:41  Probe  
  16  0:47  Gateway  
  17  0:51  Probe  
  18  1:03  Probe  
  19  1:15  Probe  
  20  1:23  Nexus  
  20  1:34  Cybernetics Core  
  20  1:36  Probe  
  21  1:44  Assimilator  
  21  1:48  Probe  
  21  1:51  Pylon  
  22  2:00  Probe, Adept  
  23  2:12  Probe  
  23  2:13  Twilight Council  
  23  2:15  Warp Gate  
  26  2:20  Stalker  
  26  2:24  Probe  
  27  2:36  Probe  
  30  2:37  Probe  
  30  2:48  Probe, Robotics Facility  
  30  2:49  Probe  
  32  2:59  Gateway  
  32  3:00  Probe  
  32  3:01  Probe  
  35  3:12  Probe  
  35  3:13  Probe  
  35  3:18  Dark Shrine  
  36  3:24  Probe  
  36  3:25  Probe  
  38  3:29  Warp Prism  
  38  3:34  Gateway x2  
  40  3:41  Probe  
  40  3:44  Probe  
  40  3:46  Assimilator  
  42  3:48  Assimilator  
  42  3:53  Probe  
  42  3:55  Pylon  
  43  3:56  Probe  
  43  4:01  Pylon  
  44  4:05  Probe  
  44  4:08  Probe  
  46  4:14  Probe  
  46  4:20  Probe  
  46  4:22  Probe  
  49  4:31  Dark Templar x2  
  49  4:32  Probe, Dark Templar x2  
  49  4:36  Archon  
  49  4:37  Archon  
  58  4:39  Observer  
  58  4:44  Pylon  
  59  4:49  Nexus  
  59  4:55  Forge, Immortal  
  59  4:59  Probe  
  60  5:12  Sentry  
  60  5:13  Probe, Pylon  
  67  5:22  Immortal  
  67  5:25  Probe  
  68  5:29  Charge  
  72  5:36  Sentry  
  72  5:37  Gateway  
  72  5:40  Gateway  
  74  5:54  Zealot x2  
  78  6:00  Probe  
  78  6:01  Pylon  
  78  6:03  Zealot x2  
  76  6:18  Dark Templar  
  76  6:20  Zealot  
  76  6:22  Probe x2, Pylon  
  78  6:28  Probe  
  78  6:29  Robotics Facility  
  78  6:31  Zealot x2  
  75  6:34  Probe  
  75  6:36  Probe  
  70  6:40  Probe  
  70  6:46  Probe  
  66  6:48  Probe  
  66  6:49  Zealot x3  
  66  6:51  Zealot  
  73  6:56  Probe  
  73  6:58  Zealot  
  67  7:07  Zealot  
  64  7:11  Dark Templar  
  54  7:23  Zealot  
  54  7:24  Zealot x2  
  54  7:26  Probe  
  54  7:27  Probe  
  47  7:37  Zealot x2  
  47  7:43  Sentry  
  53  7:44  Sentry  
  53  7:47  Probe  
  52  7:53  Zealot x2  
  52  7:54  Probe  
  52  7:55  Probe  
  56  8:02  Probe  
  56  8:03  Probe  
  57  8:10  Probe  
  57  8:11  Probe  
  57  8:12  Zealot  
  63  8:20  Probe  
  63  8:22  Probe  
  63  8:24  Probe  
  65  8:30  Probe  
  65  8:31  Sentry  
  65  8:32  Zealot, Sentry, Probe  
  73  8:34  Probe  
  73  8:38  Probe  
  73  8:40  Probe  
  74  8:44  Zealot  
  74  8:46  Probe  
  74  8:47  Probe  
  79  8:50  Probe, Phoenix  
  79  8:52  Stargate  
  79  8:54  Zealot  
  83  8:58  Probe  
  83  8:59  Probe  
  83  9:02  Probe  
  84  9:10  Probe x2  
  84  9:11  Probe  
  84  9:12  Stargate  
  84  9:13  Pylon  
  84  9:14  Pylon  
  87  9:18  Probe, Shield Battery  
  87  9:20  Assimilator  
  87  9:22  Probe, Assimilator  
  89  9:28  Probe  
  89  9:29  Probe, Shield Battery  
  91  9:32  Phoenix  
  91  9:34  Probe  
  92  9:40  Forge  
  94  9:46  Templar Archives  
  94  9:48  Phoenix  
  94  9:51  Dark Templar  
  94  9:52  Dark Templar  
  98  9:56  Archon  
  98  9:58  Phoenix  
  102  10:01  Probe, Protoss Ground Weapons Level 1  
  102  10:06  Stalker  
  106  10:10  Phoenix  
  108  10:21  Zealot x2, Psionic Storm  
  111  10:22  Probe  
  113  10:28  Observer  
  113  10:37  Probe, High Templar  
  113  10:42  Pylon  
  112  10:44  Pylon  
  112  10:45  Pylon  
  112  10:52  Pylon  
  112  10:53  Pylon x2  
  112  10:56  Gateway  
  111  10:58  Photon Cannon  
  111  11:00  Shield Battery  
  111  11:01  High Templar x3  
  111  11:02  High Templar, Gateway  
  111  11:03  Pylon  
  119  11:26  Probe  
  120  11:35  Pylon  
  120  11:37  Gateway  
  120  11:39  Gateway  
  120  11:40  Nexus  
  120  11:43  High Templar x5  
  120  11:44  High Templar  
  132  11:48  Archon x2  
  132  11:51  Probe  
  132  11:52  Photon Cannon, Probe  
  134  11:55  Pylon  
  134  12:07  Probe x2, Warp Prism  
  136  12:12  Photon Cannon, High Templar x2, Protoss Ground Weapons Level 2  
  138  12:20  Archon  
  140  12:23  Probe  
  141  12:31  Zealot x2, High Templar x2  
  141  12:32  Zealot x3  
  147  12:40  Archon  
  147  12:43  Immortal  
  149  12:47  Probe  
  149  12:49  Photon Cannon  
  149  12:50  Zealot x3  
  156  12:51  Photon Cannon  
  156  12:53  Shield Battery  
  156  12:56  Assimilator  
  156  13:00  Zealot x4, Assimilator  
  156  13:01  Zealot  
  166  13:26  Zealot  
  166  13:27  Zealot x6  
  153  13:34  Zealot x2  
  153  13:37  Immortal  
  141  13:53  Zealot x6  
  139  13:57  Zealot x2  
  139  13:58  Probe  
  139  13:59  Probe  
  139  14:00  Probe  
  140  14:09  Probe  
  131  14:12  Probe x2  
  123  14:17  Photon Cannon  
  123  14:19  Gateway x2  
  123  14:20  Photon Cannon  
  123  14:23  Zealot x2  
  123  14:24  Dark Templar  
  129  14:26  High Templar x3  
  129  14:27  High Templar x2  
  139  14:44  Zealot, Dark Templar  
  141  14:50  Probe x3  
  142  14:54  Protoss Ground Weapons Level 3  
  140  15:02  Zealot  
  140  15:03  Zealot x5  
  144  15:09  Fleet Beacon  
  144  15:13  Pylon  
  144  15:15  Zealot x3  
  150  15:27  Immortal  
  150  15:28  Mothership  
  142  15:37  Zealot  
  142  15:38  Zealot x3  
  142  15:40  Zealot x5  
  154  15:46  Zealot  
  164  16:00  Observer, Dark Templar  
  164  16:01  High Templar x2  
  164  16:02  High Templar x2  
  164  16:03  High Templar x2  
  174  16:04  High Templar x2  
  174  16:08  Archon x2  
  179  16:12  Archon, Warp Prism  
  179  16:13  Archon  
  176  16:27  Sentry  
  176  16:36  Zealot x4  
  176  16:37  Zealot x2  
  188  16:49  Immortal  
  192  17:03  Zealot x5  
  182  17:17  Protoss Air Weapons Level 1  
  182  17:19  High Templar x4  
  178  17:23  Archon x2  
  178  17:24  High Templar x4  
  178  17:25  High Templar  
  178  17:26  High Templar  
  178  17:29  Archon x2  
  190  17:35  Archon  
  175  17:55  Zealot x3, Dark Templar  
  175  17:56  Zealot x2, Dark Templar  
  175  17:57  Zealot  
  191  18:04  Zealot, Dark Templar  
  195  18:09  Assimilator  
  195  18:10  Nexus  
  195  18:13  Pylon  
  195  18:18  Assimilator  
  191  18:21  Mothership  
  153  18:34  Zealot x6  
  137  18:45  High Templar x3  
  137  18:46  High Templar  
  153  18:52  Archon  
  151  18:57  Archon  
  143  19:11  Protoss Shields Level 1  
  143  19:20  Nexus  
  143  19:22  Assimilator, Warp Prism  
  141  19:24  Zealot x5  
  151  19:34  Zealot x2  
  151  19:35  Zealot x2  
  151  19:38  Assimilator  
  153  19:39  Dark Templar  
  153  19:43  Pylon  
  138  20:00  Probe  
  138  20:03  High Templar x2, Nexus  
  138  20:04  High Templar  
  138  20:05  Zealot x6, Pylon  
  143  20:14  Zealot  
  125  20:33  Probe  
  114  20:40  Assimilator  
  115  20:49  Sentry  
  117  20:54  Observer  
  117  20:57  Zealot x6  
  117  21:01  Photon Cannon  
  117  21:02  Assimilator  
  130  21:04  Dark Templar  
  130  21:06  Photon Cannon  
  126  21:42  Nexus  
  126  21:43  Zealot x4  
  134  21:47  Warp Prism  
  132  21:59  High Templar x2  
  136  22:01  Assimilator  
  136  22:04  Pylon  
  136  22:06  Assimilator, Archon  
  136  22:07  Dark Templar  
  132  22:22  Zealot x4  
  130  22:33  Dark Templar  
  132  22:37  Zealot x2  
  134  22:46  Dark Templar  
  134  22:47  Sentry  
  136  22:59  Zealot x3  
  132  23:17  Probe  
  133  23:33  Zealot  
  133  23:34  Zealot x7  
  134  24:00  Photon Cannon  
  134  24:06  High Templar x4  
  142  24:10  High Templar x2  
  142  24:11  Archon  
  142  24:12  Zealot x2  
  142  24:14  Mothership  
  148  24:24  Nexus  
  148  24:28  Pylon  
  146  24:40  Warp Prism  
  160  24:55  Zealot x4  
  168  25:08  Pylon  
  168  25:11  Assimilator  
  168  25:12  Dark Templar  
  170  25:15  Assimilator  
  170  25:20  Probe x2  
  170  25:21  Probe  
  173  25:22  Tempest  
  173  25:23  Tempest  
  169  25:49  Zealot x8  
  185  25:51  Tempest  
  156  26:05  Tempest  
  137  26:12  High Templar  
  137  26:13  High Templar x3  
  138  26:23  Archon  
  129  26:28  Tempest  
  132  26:49  Tempest  
  126  27:27  Nexus  
Tags
 
Add a new tag
Caveats
  • Supply blocks, unpowered buildings, or Contaminate may cause inaccurate times.
  • Supply counts are checked every 10 seconds.